Description

自用

Replay - pvt闪追巨像打节奏

Build Order

Get SALT Encoding   

  12  0:00  Probe  
  13  0:12  Probe  
  14  0:16  Pylon  
  14  0:24  Probe (Chrono Boost)  
  16  0:36  Gateway  
  16  0:37  Probe (Chrono Boost)  
  16  0:42  Probe (Chrono Boost)  
  16  0:46  Assimilator  
  17  0:51  Probe  
  18  1:03  Probe  
  19  1:15  Probe  
  20  1:25  Nexus  
  20  1:35  Cybernetics Core  
  20  1:38  Pylon  
  20  1:43  Assimilator  
  20  1:45  Probe  
  21  1:57  Probe  
  22  2:11  Adept (Chrono Boost)  
  25  2:17  Warp Gate  
  26  2:32  Adept  
  28  2:53  Twilight Council  
  32  3:08  Gateway  
  34  3:21  Robotics Facility  
  34  3:24  Blink (Chrono Boost)  
  36  3:28  Assimilator x2  
  42  3:50  Pylon  
  41  3:56  Gateway  
  43  4:06  Stalker x2  
  43  4:09  Observer  
  48  4:10  Pylon  
  52  4:33  Observer  
  52  4:36  Stalker x2  
  58  4:51  Observer  
  60  4:56  Nexus  
  60  4:58  Pylon  
  61  5:03  Robotics Bay  
  62  5:14  Immortal (Chrono Boost)  
  62  5:16  Charge (Chrono Boost)  
  66  5:24  Gateway  
  66  5:27  Observer  
  68  5:29  Gateway  
  68  5:39  Gateway x2  
  70  5:45  Gateway  
  70  6:07  Disruptor (Chrono Boost), Shield Battery  
  76  6:11  Extended Thermal Lance  
  76  6:17  Sentry x3  
  86  6:33  Colossus (Chrono Boost)  
  90  6:45  Zealot x5  
  99  7:02  Stalker x3  
  101  7:17  Zealot x4  
  101  7:19  Colossus (Chrono Boost)  
  106  7:23  Zealot  
  83  8:00  Nexus, Templar Archives  
  85  8:14  Stalker x2  
  85  8:15  Sentry x2  
  93  8:28  Stalker  
  93  8:29  Observer  
  99  8:44  Shield Battery  
  101  9:08  Colossus (Chrono Boost)  
  101  9:15  Shield Battery  
  101  9:16  High Templar x4  
  115  9:20  Archon x2  
  115  9:22  Forge  
  119  9:50  Templar Archives  
Spawning Tool Build Advisor. Get it on Overwolf

Go to:

Details

  • Created by: TwingsO
  • Published on: Mar 06, 2023
  • Modified on: Mar 06, 2023
  • Patch: 5.0.11
  • Difficulty: Medium
Show
View Real Time Build Order
Export as new Build Order

Comments (0)

There are no comments. Be the first!

Create an account to comment!